 Dungeon Crawl Stone Soup version 0.31-a0-1027-gfb7600b534 (webtiles) character file.

Game seed: 120960058251286899

109 Gynju the Vexing (level 4, -1/34 HPs)
             Began as a Gnoll Hexslinger on Nov 18, 2023.
             Succumbed to a scorpion's poison
             ... on level 4 of the Dungeon.
             The game lasted 00:03:42 (2378 turns).

Gynju the Vexing (Gnoll Hexslinger)                 Turns: 2378, Time: 00:03:42

Health: -1/34      AC:  7    Str: 11    XL:     4   Next: 89%
Magic:  8/8        EV: 10    Int: 14    God:
Gold:   161        SH:  0    Dex: 16    Spells: 9/9 levels left

rFire   + . .        a - +1 sling
rCold   + + .        (no shield)
rNeg    . . .        p - +0 scale mail of the Trombone {rC++ Str+3 Int+2}
rPois   .            n - +0 helmet
rElec   .            (no cloak)
rCorr   .            (no gloves)
SInv    .            (no boots)
Will    .....        (no amulet)
Stlth   +            c - ring of protection from fire
HPRegen 0.25/turn    (no ring)
MPRegen 0.11/turn

%: no passive effects
@: lethally poisoned (-1 -> -11)
A: fangs 1, strong nose, distributed training
a: no special abilities


You were on level 4 of the Dungeon.
You visited 1 branch of the dungeon, and saw 4 of its levels.

You collected 161 gold pieces.

Inventory:

Hand Weapons
 a - a +1 sling (weapon)
Armour
 n - a +0 helmet (worn)
 p - the +0 scale mail of the Trombone (worn) {rC++ Str+3 Int+2}
   (You found it on level 3 of the Dungeon)

   Str+3:     It affects your strength (+3).
   Int+2:     It affects your intelligence (+2).
   rC++:      It greatly protects you from cold.
Jewellery
 c - a ring of protection from fire (left hand)
 r - a ring of poison resistance
Talismans
 d - a maw talisman
Wands
 f - a wand of charming (10)
Scrolls
 b - a scroll of poison
 g - a scroll of noise {unknown}
 h - 4 scrolls of identify {unknown}
 i - 2 scrolls of teleportation {unknown}
 k - 2 scrolls of enchant armour {unknown}
 m - a scroll of fear {unknown}
 q - a scroll of vulnerability {unknown}
Potions
 e - a potion of heal wounds {unknown}
 j - a potion of cancellation {unknown}
 l - 2 potions of enlightenment {unknown}
 o - a potion of curing {unknown}


   Skills:
 + Level 2.8 Fighting
 + Level 1.3 Short Blades
 + Level 1.3 Long Blades
 + Level 1.3 Axes
 + Level 1.3 Maces & Flails
 + Level 1.3 Polearms
 + Level 1.3 Staves
 + Level 4.7 Ranged Weapons
 + Level 1.3 Throwing
 + Level 1.3 Armour
 + Level 4.7 Dodging
 + Level 1.3 Stealth
 + Level 1.3 Shields
 + Level 1.3 Unarmed Combat
 + Level 3.1 Spellcasting
 + Level 1.0 Conjurations
 + Level 5.5 Hexes
 + Level 1.0 Summonings
 + Level 1.0 Necromancy
 + Level 1.0 Translocations
 + Level 1.0 Transmutations
 + Level 2.3 Fire Magic
 + Level 1.0 Ice Magic
 + Level 1.0 Air Magic
 + Level 1.0 Earth Magic
 + Level 1.0 Poison Magic
 + Level 1.4 Invocations
 + Level 1.3 Evocations
 + Level 1.2 Shapeshifting


You had 9 spell levels left.
You didn't know any spells.
Your spell library contained the following spells:

 Spells                   Type           Power      Damage    Failure   Level
 Jinxbite                 Hex            34%        N/A       21%         2
 Sigil of Binding         Hex            17%        N/A       36%         3
 Inner Flame              Hex/Fire       13%        N/A       58%         3
 Cause Fear               Hex            8%         N/A       78%         4
 Dimensional Bullseye     Hex/Tloc       5%         N/A       97%         4


Dungeon Overview and Level Annotations

Branches:
Dungeon (4/15)
 Temple: D:4-7

Altars:

Shops:
D:4 [

Annotations:
D:4 Blork the orc


Innate Abilities, Weirdness & Mutations

You have very sharp teeth.
Your uncanny sense of smell can sniff out nearby items.
Your experience applies equally to all skills.


Message History

A scorpion comes into view.
Found a trident.
A scorpion is nearby!
You shoot a sling bullet. The sling bullet hits the scorpion.
The scorpion is moderately wounded.
You shoot a sling bullet.
The sling bullet closely misses the scorpion.
You shoot a sling bullet. The sling bullet hits the scorpion.
The scorpion is heavily wounded.
You shoot a sling bullet.
The sling bullet hits the scorpion but does no damage.
The scorpion is heavily wounded.
The scorpion barely misses you. The scorpion stings you.
You are poisoned.
The scorpion poisons you!
You shoot a sling bullet.
The sling bullet barely misses the scorpion.
You feel very sick. The scorpion closely misses you.
You shoot a sling bullet. The sling bullet hits the scorpion!
The scorpion is almost dead.
You feel very sick. The scorpion stings you.
You are lethally poisoned!
The scorpion poisons you! The scorpion barely misses you.
You shoot a sling bullet.
The sling bullet barely misses the scorpion.
You feel very sick. The scorpion stings you.
The scorpion stings you but does no damage.
You shoot a sling bullet.
The sling bullet closely misses the scorpion.
* * * LOW HITPOINT WARNING * * *
You feel very sick. The scorpion stings you.
* * * LOW HITPOINT WARNING * * *
The scorpion barely misses you.
You shoot a sling bullet. The sling bullet hits the scorpion.
The scorpion is almost dead.
You die...

. ..### #.# .. ....# #.#
.. ##... ..) .. ...# ..#
.# #.)# #.### .#. .#
#..# #...#...#
.#########..####?#....#.
.....∩..........@s.>...#
.########...##........#)
.......................#
.########...##..####..#.
.# #...##..# ..# ..
#......... ∆ #. .#.
#..###..## ...# ....
...# .. .


You could see a scorpion.

Vanquished Creatures
  A hound (D:3)
  3 adders
  A worm (D:4)
  5 ball pythons
  6 bats
  2 endoplasms
  2 giant cockroaches
  3 goblins
  3 hobgoblins
  9 jackals
  2 quokkas
  A frilled lizard (D:3)
  3 kobolds
  7 rats
48 creatures vanquished.

Notes
Turn   | Place    | Note
-------+----------+-------------------------------------------
     0 | D:1      | Gynju the Gnoll Hexslinger began the quest for the Orb.
     0 | D:1      | Reached XP level 1. HP: 17/17 MP: 4/4
   125 | D:1      | Reached XP level 2. HP: 21/23 MP: 5/5
   623 | D:2      | Reached XP level 3. HP: 28/28 MP: 7/7
   834 | D:2      | Reached skill level 1 in Invocations
  1707 | D:2      | Reached skill level 1 in Short Blades
  1707 | D:2      | Reached skill level 1 in Long Blades
  1707 | D:2      | Reached skill level 1 in Axes
  1707 | D:2      | Reached skill level 1 in Maces & Flails
  1707 | D:2      | Reached skill level 1 in Polearms
  1707 | D:2      | Reached skill level 1 in Staves
  1707 | D:2      | Reached skill level 1 in Throwing
  1707 | D:2      | Reached skill level 1 in Armour
  1707 | D:2      | Reached skill level 1 in Stealth
  1707 | D:2      | Reached skill level 1 in Shields
  1707 | D:2      | Reached skill level 1 in Unarmed Combat
  1707 | D:2      | Reached skill level 1 in Evocations
  1806 | D:3      | Reached skill level 1 in Shapeshifting
  1806 | D:3      | Reached XP level 4. HP: 34/34 MP: 8/8
  1825 | D:3      | Identified the +0 scale mail of the Trombone {rC++ Str+3
                  | Int+2}
  1996 | D:3      | Found a faded altar of an unknown god.
  2121 | D:3      | Reached skill level 1 in Conjurations
  2121 | D:3      | Reached skill level 1 in Summonings
  2121 | D:3      | Reached skill level 1 in Necromancy
  2121 | D:3      | Reached skill level 1 in Translocations
  2121 | D:3      | Reached skill level 1 in Transmutations
  2121 | D:3      | Reached skill level 1 in Ice Magic
  2121 | D:3      | Reached skill level 1 in Air Magic
  2121 | D:3      | Reached skill level 1 in Earth Magic
  2121 | D:3      | Reached skill level 1 in Poison Magic
  2281 | D:4      | Noticed Blork the orc
  2353 | D:4      | Found Dueqaveg's Armour Shop.
  2369 | D:4      | Noticed a scorpion
  2378 | D:4      | Succumbed to a scorpion's poison

Illustrated notes

Levels and vault maps discovered:
D:1:      dpeg_arrival_fog, layout_rooms
D:2:      layout_basic
D:3:      layout_rooms, dreamdust_ecumenical_altar_angels_and_demons
D:4:      layout_basic, temple_fountains, serial_shops, shop, minivault_23,
          minmay_crystal_room, grunt_decor_arrowhead, uniq_eustachio,
          uniq_pikel, uniq_blork_the_orc

Skill      XL: |  1  2  3  4 |
---------------+-------------+-----
Fire Magic     | 2 |  2.3
Invocations    | 1 |  1.4
Short Blades   | 1 |  1.3
Long Blades    | 1 |  1.3
Axes           | 1 |  1.3
Maces & Flails | 1 |  1.3
Polearms       | 1 |  1.3
Staves         | 1 |  1.3
Throwing       | 1 |  1.3
Armour         | 1 |  1.3
Stealth        | 1 |  1.3
Shields        | 1 |  1.3
Unarmed Combat | 1 |  1.3
Evocations     | 1 |  1.3
Shapeshifting  | 1 |  1.2
Spellcasting   | 3 |  3.1
Conjurations   | 1 |  1.0
Summonings     | 1 |  1.0
Necromancy     | 1 |  1.0
Translocations | 1 |  1.0
Transmutations | 1 |  1.0
Ice Magic      | 1 |  1.0
Air Magic      | 1 |  1.0
Earth Magic    | 1 |  1.0
Poison Magic   | 1 |  1.0
Fighting       | |  2.8
Ranged Weapons | |  4.7
Dodging        | |  4.7
Hexes          | |  5.5

Action                     |  1- 3 |  4- 6 || total
---------------------------+-------+-------++-------
   Fire: Sling             |   113 |    71 ||   184
 Armour: Robe              |    18 |       ||    18
         Ring mail         |    17 |     1 ||    18
         Scale mail        |       |    38 ||    38
  Dodge: Dodged            |    36 |    31 ||    67

Table legend: (Time is in decaauts)
 A = Elapsed time spent in this place.
 B = Non-inter-level travel time spent in this place.
 C = Inter-level travel time spent in this place.
 D = Time resting spent in this place.
 E = Time spent auto-exploring this place.
 F = Levels seen in this place.
 G = Mean time per level.
                   A        B        C        D        E       F      G
               +--------+--------+--------+--------+--------+-----+--------+
         Total |   2439 |   2320 |    119 |     30 |   1852 |   4 |  609.8 |
       Dungeon |   2439 |   2320 |    119 |     30 |   1852 |   4 |  609.8 |
               +--------+--------+--------+--------+--------+-----+--------+

Top non-repeatable levels by time:
     D:2: 1204 daAuts
     D:1: 563 daAuts
     D:3: 545 daAuts
     D:4: 126 daAuts
